 Dungeon Crawl Stone Soup version 0.19.1-1-g22dce08 (webtiles) character file.

276 rgaf the Sneak (level 6, -4/39 HPs)
             Began as a Halfling Assassin on Jan 10, 2017.
             Slain by w00t's ghost (7 damage)
             ... on level 3 of the Dungeon.
             The game lasted 00:08:15 (4734 turns).

rgaf the Sneak (Halfling Assassin)                  Turns: 4734, Time: 00:08:15

Health: -4/39      AC: 10    Str: 12    XL:     6   Next: 50%
Magic:  6/6        EV: 14    Int: 11    God:
Gold:   192        SH:  0    Dex: 16    Spells: 0 memorised, 5 levels left

rFire  . . .     SeeInvis .     a - +2 dagger
rCold  . . .     Gourm    .     c - +0 robe
rNeg   . . .     Faith    .     (shield restricted)
rPois  .         Spirit   .     (no helmet)
rElec  .         Reflect  .     d - +1 cloak
rCorr  .         Harm     .     n - +1 pair of gloves
MR     .....                    (no boots)
Stlth  +++.......               (no amulet)
                                t - +4 ring of protection
                                (no ring)

@: no status effects
A: mutation resistance 1
a: no special abilities


You were on level 3 of the Dungeon.
You were very hungry.

You visited 1 branch of the dungeon, and saw 4 of its levels.

You collected 192 gold pieces.

Inventory:

Hand Weapons
 a - a +2 dagger (weapon)
 b - a +0 blowgun
 k - a -3 short sword
Missiles
 e - 3 poisoned needles
Armour
 c - a +0 robe (worn)
 d - a +1 cloak (worn)
 n - a +1 pair of gloves (worn)
Jewellery
 t - a +4 ring of protection (right hand)
Scrolls
 h - a scroll of identify
 r - a scroll of remove curse
 s - a scroll of enchant armour
Potions
 o - a potion of agility
Books
 p - a book of Minor Magic

   Spells                             Type                      Level
   a - Magic Dart                     Conjuration                  1
   b - Blink                          Translocation                2
   c - Call Imp                       Summoning                    2
   d - Repel Missiles                 Charms/Air                   2
   e - Slow                           Hexes                        2
   f - Conjure Flame                  Conjuration/Fire             3
   g - Mephitic Cloud                 Conjuration/Poison/Air       3
 u - a book of Misfortune

   Spells                             Type                      Level
   a - Confusing Touch                Hexes                        1
   b - Confuse                        Hexes                        3
   c - Gell's Gravitas                Hexes/Translocation          3
   d - Petrify                        Transmutation/Earth          4
   e - Metabolic Englaciation         Hexes/Ice                    5
   f - Yara's Violent Unravelling     Hexes/Transmutation          5
Comestibles
 g - 4 bread rations
 i - 3 meat rations
 l - 2 beef jerkies
 q - 3 slices of pizza


   Skills:
 - Level 1.7 Fighting
 + Level 5.1 Short Blades
 * Level 3.2 Throwing
 - Level 1.1 Dodging
 + Level 6.4 Stealth


You had 5 spell levels left.
You didn't know any spells.

Dungeon Overview and Level Annotations

Branches:
Dungeon (4/15)
 Temple: D:4-7

Altars:

Annotations:
D:3 w00t's ghost, amateur GrFi
D:4 Duvessa; Grinder


Innate Abilities, Weirdness & Mutations

You are small and have problems with some larger weapons.
You are somewhat resistant to further mutation.


Message History

* * * LOW HITPOINT WARNING * * *
W00t's ghost hits you but does no damage.
You hit w00t's ghost but do no damage.
W00t's ghost is almost destroyed.
The bat misses you. W00t's ghost hits you.
* * * LOW HITPOINT WARNING * * *
You hit w00t's ghost but do no damage.
W00t's ghost is almost destroyed.
The bat misses you.
W00t's ghost hits you but does no damage.
You hit w00t's ghost.
W00t's ghost is almost destroyed.
The bat misses you.
You hit w00t's ghost but do no damage.
W00t's ghost is almost destroyed.
The bat closely misses you. W00t's ghost misses you.
You hit w00t's ghost but do no damage.
W00t's ghost is almost destroyed.
The bat completely misses you. W00t's ghost hits you!
You die...

..##.###...##...##)##
..#......#####..##.#
.....##### #...)>.#
.###..### #.#..###
.##.....## #....#
.##.#.#..####..#.#
....#.##...#...#K#
...##.####.#<.##W#
.#..#.####....##@#
.##.[..##.....##b####
.####...#.##........#
.#####....##.###....#
###.......##.# #....#
# #..........# ##...#
#..........# #...#
#..........# #...#
#######....# #####


You could see w00t's ghost, a bat and a kobold.

Vanquished Creatures
  A bullfrog zombie (D:3)
  An orc priest (D:4)
  An orc wizard (D:4)
  A worker ant (D:4)
  3 adders
  An adder skeleton (D:4)
  An adder zombie (D:1)
  7 worms
  3 dart slugs (D:1)
  4 leopard geckos
  9 orcs
  6 bats
  5 giant cockroaches
  14 goblins
  9 hobgoblins
  2 jackals (D:1)
  4 kobolds
  3 quokkas
  3 frilled lizards
  A jackal zombie (D:1)
  A leopard gecko skeleton (D:4)
  A quokka skeleton (D:4)
  12 rats
93 creatures vanquished.

Notes
Turn   | Place    | Note
-------+----------+-------------------------------------------
     0 | D:1      | rgaf the Halfling Assassin began the quest for the Orb.
     0 | D:1      | Reached XP level 1. HP: 14/14 MP: 1/1
   153 | D:1      | Reached XP level 2. HP: 19/19 MP: 2/2
   569 | D:1      | Reached XP level 3. HP: 23/24 MP: 3/3
   830 | D:1      | Reached skill level 5 in Stealth
  1477 | D:2      | Reached XP level 4. HP: 26/29 MP: 4/4
  2361 | D:3      | Noticed w00t's ghost (amateur GrFi)
  2572 | D:3      | Reached XP level 5. HP: 34/34 MP: 5/5
  2942 | D:3      | Reached skill level 6 in Stealth
  3338 | D:4      | Reached XP level 6. HP: 39/39 MP: 6/6
  3456 | D:4      | Reached skill level 5 in Short Blades
  3564 | D:4      | Noticed Duvessa
  4359 | D:4      | Noticed Grinder
  4667 | D:4      | Paralysed by Grinder for 6 turns
  4734 | D:3      | Slain by w00t's ghost

Skill      XL: |  1  2  3  4  5  6 |
---------------+-------------------+-----
Short Blades   | 3 4 5 |  5.1
Stealth        | 5 6 |  6.4
Throwing       | 3 |  3.2
Fighting       | |  1.7
Dodging        | |  1.1

Action                   |  1- 3 |  4- 6 || total
-------------------------+-------+-------++-------
Melee: Dagger            |    33 |   335 ||   368
       Short sword       |    77 |       ||    77
 Fire: Blowgun           |       |     7 ||     7
  Use: Scroll            |     4 |     3 ||     7
       Potion            |       |     6 ||     6
 Stab: Sleeping          |    16 |    10 ||    26
       Distracted        |       |     1 ||     1
  Eat: Chunk             |     2 |     9 ||    11
Armor: Robe              |    18 |    77 ||    95
Dodge: Dodged            |    46 |   206 ||   252
